 Dungeon Crawl Stone Soup version 0.31-a0-200-gbc41564c69 (webtiles) character file.

Game seed: 8741701496478201389

1110 qw the Skirmisher (level 8, -2/46 HPs)
             Began as a Deep Elf Hunter on June 25, 2023.
             Slain by a yak (8 damage)
             ... on level 5 of the Dungeon.
             The game lasted 00:01:48 (3958 turns).

qw the Skirmisher (Deep Elf Hunter)                 Turns: 3958, Time: 00:01:48

Health: -2/46      AC: 12    Str: 10    XL:     8   Next: 11%
Magic:  10/10      EV: 11    Int: 15    God:
Gold:   18         SH:  0    Dex: 18    Spells: 7/7 levels left

rFire   . . .        Y - +0 orcbow
rCold   . . .        (shield currently unavailable)
rNeg    + . .        g - quicksilver dragon scales
rPois   +            c - +0 helmet
rElec   .            l - scarf {repulsion}
rCorr   .            (no gloves)
SInv    .            m - +0 pair of boots
Will    +....        (no amulet)
Stlth   +            j - ring of positive energy
HPRegen 0.27/turn    o - ring of poison resistance
MPRegen 0.12/turn

%: repel missiles
@: about to teleport
A: no striking features
a: no special abilities


You were on level 5 of the Dungeon.
You visited 1 branch of the dungeon, and saw 5 of its levels.

You collected 272 gold pieces.
You spent 254 gold pieces at shops.


   Skills:
 - Level 3.0 Fighting
 - Level 12.0 Ranged Weapons
 - Level 2.2 Armour
 + Level 3.0 Dodging
 - Level 1.2 Stealth


You had 7 spell levels left.
You didn't know any spells.
Your spell library was empty.

Inventory:

Hand Weapons
 Y - a +0 orcbow (weapon)
Armour
 c - a +0 helmet (worn)
 e - a +1 cloak
 g - quicksilver dragon scales (worn)
 h - a +0 pair of gloves
 l - a scarf of repulsion (worn)
 m - a +0 pair of boots (worn)
Jewellery
 j - a ring of positive energy (left hand)
 o - a ring of poison resistance (right hand)
Scrolls
 n - 3 scrolls of identify
 r - a scroll of teleportation
Potions
 a - a potion of attraction {unknown}
 d - a potion of haste
 f - a potion of invisibility {unknown}
 i - 2 potions of cancellation
 k - 2 potions of curing
 p - a potion of resistance

Dungeon Overview and Level Annotations

Branches:
Dungeon (5/15)
 Temple: D:4-7

Altars:
Nemelex Xobeh
Yredelemnul

Shops:
D:3 *   D:5 ?

Annotations:
D:3 2 transporters


Message History

The yak is almost dead.
You shoot an arrow. The arrow hits the yak.
The yak is almost dead.
The yak gores you!
You shoot an arrow. The arrow barely misses the yak.
The yak gores you but does no damage.
You shoot an arrow. The arrow barely misses the yak.
The yak gores you! The yak gores you.
You shoot an arrow. The arrow hits the yak.
The yak is almost dead.
The yak gores you but does no damage.
You shoot an arrow. The arrow hits the yak!
You kill the yak!
The yak gores you but does no damage.
Your Fighting skill increases to level 3!
You have reached level 8!
You feel clever.
You shoot an arrow. The arrow hits the yak.
The yak is lightly wounded.
The yak gores you but does no damage. The yak misses you.
You shoot an arrow. The arrow barely misses the yak.
The yak gores you but does no damage. The yak misses you.
You shoot an arrow.
The arrow hits the yak but does no damage.
The yak is lightly wounded.
The yak gores you but does no damage. The yak gores you.
You shoot an arrow.
The arrow hits the yak but does no damage.
The yak is lightly wounded.
The yak gores you! The yak gores you.
You shoot an arrow. The arrow hits the yak!
The yak is heavily wounded.
The yak gores you! The yak gores you.
3957 ||| READING 2 scrolls of teleportation.
As you read the scroll of teleportation, it crumbles to dust.
You feel strangely unstable. The yak gores you but does no damage.
The yak closely misses you.
You shoot an arrow. The arrow hits the yak!
The yak is severely wounded.
The yak gores you!
You die...

### ..# #.#
####.###
......#####
#.........
#.####Y@#.##.#
#......Y#.##.#
...###....##.#
. #.......#
#..###..#
#.../...#
##.#.#.##
#.....#
###.###


You could see 2 yaks.

Vanquished Creatures
  A yak (D:5)
  A wraith (D:5)
  An ice beast (D:4)
  2 ogres (D:5)
  2 scorpions
  A howler monkey (D:4)
  A hound (D:4)
  2 orc priests (D:5)
  2 iguanas (D:4)
  2 orc wizards (D:5)
  6 adders
  3 gnolls (D:5)
  2 ufetubi (D:5)
  2 worms
  6 dart slugs
  7 orcs
  5 bats
  7 endoplasms
  4 giant cockroaches
  11 goblins
  10 hobgoblins
  8 jackals (D:3)
  2 quokkas
  9 ball pythons
  3 frilled lizards (D:1)
  7 kobolds
  6 rats
113 creatures vanquished.

Notes
Turn   | Place    | Note
-------+----------+-------------------------------------------
     0 | D:1      | qw the Deep Elf Hunter began the quest for the Orb.
     0 | D:1      | Reached XP level 1. HP: 12/12 MP: 3/3
     0 | D:1      | 0 ||| qw: Version: 0.3-a-22-g0ed2b0b
     0 | D:1      | 0 ||| qw: Game counter: 5647
     0 | D:1      | 0 ||| qw: Melee chars always use a shield: true
     0 | D:1      | 0 ||| qw: God list: Okawaru
     0 | D:1      | 0 ||| qw: Allow faded altars: false
     0 | D:1      | 0 ||| qw: Do Orc after clearing Dungeon:15 true
     0 | D:1      | 0 ||| qw: Do second Lair branch before Depths: true
     0 | D:1      | 0 ||| qw: Lair rune preference: random
     0 | D:1      | 0 ||| qw: Goals: Normal
     0 | D:1      | 0 ||| PLANNING D:1-11
    12 | D:1      | Found a faded altar of an unknown god.
   227 | D:1      | Reached skill level 6 in Ranged Weapons
   227 | D:1      | Reached XP level 2. HP: 16/16 MP: 4/4
   779 | D:1      | Reached XP level 3. HP: 18/20 MP: 5/5
   845 | D:1      | 845 ||| UPGRADING to +0 ring mail.
   855 | D:1      | 855 ||| DROPPING +0 leather armour.
   856 | D:1      | 856 ||| UPGRADING to ring of positive energy.
   857 | D:1      | 857 ||| READING scroll labelled QACUEJODIU.
   892 | D:1      | 892 ||| READING scroll labelled JUEP SOTUSYFU.
   893 | D:1      | 893 ||| READING scroll labelled QOPHEUFE KIMONK.
   897 | D:1      | 897 ||| DRINKING 2 glowing clear potions.
   898 | D:1      | 898 ||| DRINKING 2 fuming amethyst potions.
   899 | D:1      | 899 ||| DROPPING scroll of butterflies.
   980 | D:2      | 980 ||| FLEEEEING.
   982 | D:2      | 982 ||| FLEEEEING.
  1004 | D:2      | Found a basalt altar of Yredelemnul.
  1064 | D:2      | Reached skill level 7 in Ranged Weapons
  1521 | D:2      | Reached XP level 4. HP: 25/25 MP: 6/6
  1571 | D:2      | 1571 ||| UPGRADING to +0 cloak.
  1576 | D:2      | 1576 ||| UPGRADING to quicksilver dragon scales.
  1586 | D:2      | 1586 ||| DROPPING +0 ring mail.
  1587 | D:2      | 1587 ||| READING scroll labelled QORAT BAJOFIWN.
  1588 | D:2      | 1588 ||| READING scroll labelled UGHEULIKLE.
  1589 | D:2      | 1589 ||| READING scroll labelled UDO WEHUAL.
  1775 | D:3      | Found a transporter.
  1775 | D:3      | Noticed a phantom
  1775 | D:3      | Noticed an ogre
  1776 | D:3      | Found a transporter.
  1816 | D:3      | 1816 ||| READING scroll of enchant armour.
  1816 | D:3      | 1816 ||| ENCHANTING +0 cloak.
  2015 | D:3      | Reached skill level 1 in Armour
  2158 | D:3      | Found a sparkling altar of Nemelex Xobeh.
  2214 | D:3      | Found Jeosazxi's Assorted Antiques.
  2225 | D:3      | 2225 ||| BUYING dark potion (23 gold).
  2225 | D:3      | Bought a dark potion for 23 gold pieces
  2225 | D:3      | 2225 ||| BUYING dark potion (23 gold).
  2225 | D:3      | Bought a dark potion for 23 gold pieces
  2225 | D:3      | 2225 ||| SHOPLISTING runed orcbow (169 gold, have 123).
  2225 | D:3      | 2225 ||| BUYING twisted gold wand (104 gold).
  2225 | D:3      | Bought a twisted gold wand for 104 gold pieces
  2483 | D:3      | 2483 ||| UPGRADING to +0 helmet.
  2488 | D:3      | 2488 ||| UPGRADING to +0 pair of boots.
  2493 | D:3      | 2493 ||| READING scroll labelled RERGHIG IVVAUCU.
  2494 | D:3      | 2494 ||| READING scroll labelled KATIMICERO.
  2595 | D:3      | 2595 ||| DRINKING 2 red potions.
  2596 | D:3      | 2596 ||| DRINKING 2 dark potions.
  2597 | D:3      | 2597 ||| DRINKING 2 cyan potions.
  2598 | D:3      | 2598 ||| DROPPING wand of mindburst (9).
  2599 | D:3      | 2599 ||| DROPPING potion of degeneration.
  2635 | D:4      | Noticed a scorpion
  2645 | D:4      | 2645 ||| STAIRDANCE
  2651 | D:3      | Killed a scorpion
  2652 | D:3      | Reached skill level 8 in Ranged Weapons
  2652 | D:3      | Reached XP level 5. HP: 16/29 MP: 7/7
  2950 | D:4      | Noticed an ice beast
  2964 | D:4      | Killed an ice beast
  2965 | D:4      | Reached skill level 9 in Ranged Weapons
  2965 | D:4      | Reached XP level 6. HP: 34/34 MP: 8/8
  3126 | D:4      | 3126 ||| SWAPPING to +0 orcbow.
  3127 | D:4      | 3127 ||| DROPPING +0 shortbow.
  3141 | D:4      | 3141 ||| FLEEEEING.
  3142 | D:4      | 3142 ||| FLEEEEING.
  3143 | D:4      | 3143 ||| FLEEEEING.
  3144 | D:4      | 3144 ||| FLEEEEING.
  3145 | D:4      | 3145 ||| FLEEEEING.
  3146 | D:4      | 3146 ||| FLEEEEING.
  3147 | D:4      | 3147 ||| FLEEEEING.
  3148 | D:4      | 3148 ||| FLEEEEING.
  3149 | D:4      | 3149 ||| FLEEEEING.
  3150 | D:4      | 3150 ||| FLEEEEING.
  3153 | D:4      | 3153 ||| FLEEEEING.
  3154 | D:4      | 3154 ||| FLEEEEING.
  3245 | D:4      | Reached skill level 10 in Ranged Weapons
  3288 | D:4      | Reached skill level 3 in Dodging
  3366 | D:4      | 3366 ||| UPGRADING to scarf of repulsion.
  3376 | D:4      | 3376 ||| UPGRADING to ring of poison resistance.
  3377 | D:4      | 3377 ||| READING scroll labelled ADGHEO JAGIO.
  3378 | D:4      | 3378 ||| DRINKING 2 murky dark potions.
  3390 | D:5      | Entered Level 5 of the Dungeon
  3571 | D:5      | Noticed a wraith
  3574 | D:5      | Reached XP level 7. HP: 40/40 MP: 9/9
  3582 | D:5      | Killed a wraith
  3583 | D:5      | Reached skill level 11 in Ranged Weapons
  3593 | D:5      | Found Bilom's Magic Scroll Boutique.
  3601 | D:5      | 3601 ||| BUYING 2 scrolls of teleportation (78 gold).
  3601 | D:5      | Bought 2 scrolls of teleportation for 78 gold pieces
  3601 | D:5      | 3601 ||| SHOPLISTING scroll of brand weapon (123 gold, have
                  | 26).
  3601 | D:5      | 3601 ||| BUYING scroll of identify (26 gold).
  3601 | D:5      | Bought a scroll of identify for 26 gold pieces
  3696 | D:5      | 3696 ||| Stepping ~*~*~tactically~*~*~ (outnumbered).
  3715 | D:5      | HP: 10/40 [orc priest/+1 whip of pain (4)]
  3716 | D:5      | 3716 ||| READING 3 scrolls of teleportation.
  3717 | D:5      | 3717 ||| DRINKING potion of heal wounds.
  3789 | D:5      | 3789 ||| FLEEEEING.
  3790 | D:5      | 3790 ||| FLEEEEING.
  3791 | D:5      | 3791 ||| FLEEEEING.
  3792 | D:5      | 3792 ||| FLEEEEING.
  3793 | D:5      | 3793 ||| FLEEEEING.
  3794 | D:5      | 3794 ||| FLEEEEING.
  3795 | D:5      | 3795 ||| FLEEEEING.
  3928 | D:5      | Reached skill level 12 in Ranged Weapons
  3941 | D:5      | Noticed a yak
  3941 | D:5      | Noticed a yak
  3945 | D:5      | Noticed a yak
  3951 | D:5      | Killed a yak
  3952 | D:5      | Reached skill level 3 in Fighting
  3952 | D:5      | Reached XP level 8. HP: 26/46 MP: 10/10
  3956 | D:5      | HP: 8/46 [yak (7)]
  3957 | D:5      | 3957 ||| READING 2 scrolls of teleportation.
  3958 | D:5      | Slain by a yak

Levels and vault maps discovered:
D:1:      psy_arrival_radial01, layout_loops_cross, serial_forest,
          infiniplex_forest_lined_1, infiniplex_forest_straight_2,
          infiniplex_forest_end_2, infiniplex_forest_straight_2,
          infiniplex_forest_zigzag_1, infiniplex_forest_zigzag_2,
          infiniplex_forest_end_1, ebering_ecumenical_altar_webs
D:2:      minmay_spotlight, layout_basic, basic_altar, hangedman_feature_mirror,
          st_stairs_6, chequers_serial_rivers_micro_a, kennysheep_small_spiral,
          kennysheep_generic_room_2
D:3:      layout_basic, gammafunk_temple_overflow_arena, serial_shops,
          nicolae_shop_stone
D:4:      minmay_angry_zag, layout_basic, eino_tiny_chamber
D:5:      layout_loops_cross, minmay_temple_entry_nine_rooms, serial_shops,
          shop, minmay_misc_feat_ornament

Skill      XL: |  1  2  3  4  5  6  7 |
---------------+----------------------+-----
Ranged Weapons | 6 7 8 9 10 12 | 12.0
Armour         | 1 2 |  2.2
Fighting       | 2 3 |  3.0
Dodging        | 3 |  3.0
Stealth        | |  1.2

Action                     |  1- 3 |  4- 6 |  7- 9 || total
---------------------------+-------+-------+-------++-------
   Fire: Shortbow          |   113 |   140 |       ||   253
         Orcbow            |       |    58 |    80 ||   138
    Use: Scroll            |     3 |     7 |     2 ||    12
         Potion            |     2 |     4 |     1 ||     7
 Armour: Leather armour    |     2 |       |       ||     2
         Ring mail         |     2 |     3 |       ||     5
         Quicksilver drago |       |    55 |    29 ||    84
  Dodge: Dodged            |    16 |    59 |    29 ||   104

Table legend:
 A = Non-vault XP
 B = Vault XP
 C = Vault XP percentage of total XP
 D = Non-vault monster count
 E = Vault monster count
 F = Vault count percentage of total count
                 A         B        C        D         E       F
            +---------+---------+-------+---------+---------+-------
      Total |    1506 |      80 |   5.0 |      99 |      14 |  12.4
            +---------+---------+-------+---------+---------+-------
        D:1 |      44 |       0 |   0.0 |      27 |       0 |   0.0
        D:2 |      59 |      13 |  18.1 |      17 |       6 |  26.1
        D:3 |     134 |       0 |   0.0 |      22 |       0 |   0.0
        D:4 |     315 |      67 |  17.5 |      15 |       8 |  34.8
        D:5 |     954 |       0 |   0.0 |      18 |       0 |   0.0
            +---------+---------+-------+---------+---------+-------
